 Dungeon Crawl Stone Soup version 0.29-a0-1009-g60c99734e7 (webtiles) character file.

Game seed: 13531085031195602400

186 Lycake the Covered (level 5, -1/44 (47) HPs)
             Began as a Minotaur Fighter on Aug 8, 2022.
             Slain by a wight
             ... wielding a +3 long sword
              (6 damage)
             ... on level 5 of the Dungeon.
             The game lasted 00:08:44 (3938 turns).

Lycake the Covered (Minotaur Fighter)               Turns: 3938, Time: 00:08:45

HP:   -1/44 (47)    AC:  7    Str: 22    XL:     5   Next: 38%
MP:   4/4           EV:  9    Int:  5    God:
Gold: 84            SH:  4    Dex: 10    Spells: 4/4 levels left

rFire   . . .      SeeInvis .   a - +0 long sword
rCold   . . .      Faith    .   c - +0 buckler
rNeg    . . .      Spirit   .   b - +0 scale mail
rPois   .          Reflect  .   (helmet restricted)
rElec   .          Harm     .   (no cloak)
rCorr   .          Rampage  .   (no gloves)
Will    .....                   (no boots)
Stlth   ..........              (no amulet)
HPRegen 0.14/turn               (no ring)
MPRegen 0.09/turn               (no ring)

@: drained
A: horns 2, retaliatory headbutt
a: no special abilities


You were on level 5 of the Dungeon.
You visited 1 branch of the dungeon, and saw 5 of its levels.

You collected 84 gold pieces.

Inventory:

Hand Weapons
 a - a +0 long sword (weapon)
Missiles
 g - 3 poisoned darts (quivered)
Armour
 b - a +0 scale mail (worn)
 c - a +0 buckler (worn)
Magical Staves
 j - a staff of earth
Jewellery
 k - an amulet of regeneration
Scrolls
 e - a scroll of fear {unknown}
 f - a scroll of enchant weapon {unknown}
 h - 3 scrolls of identify {unknown}
 i - a scroll of enchant armour {unknown}
 l - a scroll of magic mapping {unknown}
 m - a scroll of teleportation {unknown}
 n - a scroll of poison {unknown}
Potions
 d - a potion of might


   Skills:
 + Level 4.4 Fighting
 + Level 4.1 Long Blades
 + Level 4.9 Armour
 + Level 0.7 Dodging
 + Level 0.4 Stealth
 + Level 4.6 Shields


You had 4 spell levels left.
You didn't know any spells.
Your spell library contained the following spells:

 Spells                   Type           Power      Damage    Failure   Level
 Summon Lightning Spire   Summ/Air       0%         N/A       100%        4
 Storm Form               Tmut/Air       0%         N/A       100%        7
 Maxwell's Capacitive Co  Air            0%         ∞         100%        8


Dungeon Overview and Level Annotations

Branches:
Dungeon (5/15)
 Temple: D:4-7

Altars:
Kikubaaqudgha
Vehumet
Xom
Zin

Shops:
D:1 *


Innate Abilities, Weirdness & Mutations

You have a pair of horns on your head.
You reflexively headbutt those who attack you in melee.


Message History

Found a book of the Sky.
You pick up a book of the Sky and begin reading...
You add the spells Summon Lightning Spire, Storm Form and Maxwell's Capacitive Coupling to your library.
An adder and a wight come into view.
Found a scroll labelled MUT KECOLATE.
The adder hisses angrily.
A wight comes into view.
It is wielding a +3 long sword. 3 wights come into view.
A wight is wielding a +0 hand axe and wearing a +0 robe of cold resistance.
You hit the adder.
The adder is lightly wounded.
The adder barely misses you. The adder bites you but does no damage.
You barely miss the adder. The adder barely misses you.
The wight hits you with a +0 hand axe.
You miss the adder. The adder bites you but does no damage.
The wight hits you but does no damage. The adder bites you.
You barely miss the adder.
The wight hits you with a +3 long sword.
You feel drained. The wight hits you with a +0 hand axe!
The adder barely misses you. You furiously retaliate!
You headbutt the adder. The wight barely misses you.
The wight hits you with a +3 long sword!
You feel drained.
You closely miss the adder.
The adder is lightly wounded.
The adder bites you but does no damage. x2
The wight hits you with a +3 long sword!
* * * LOW HITPOINT WARNING * * *
The wight barely misses you. You furiously retaliate!
You headbutt the wight. You slash the adder!
The adder is severely wounded.
You block the adder's attack.
The wight hits you with a +3 long sword!
* * * LOW HITPOINT WARNING * * *
The wight barely misses you. You furiously retaliate!
You headbutt the wight! The adder barely misses you.
You completely miss the adder. Your headbutt misses the adder.
The adder is severely wounded.
The wight hits you with a +3 long sword.
You die...

##....##.#
.......#.##....#...#
...[.....##.. .....
...............?...
.........##... ... #
.......#... ....z..#
#.....## # #.#z#.#
##...##


#.zSzz# ##'## #@# #.# #.# #.# #.# ###.####### #.# ..........# #.# #.....###.#
#.# ##...## #.# #.# ##.## #.######.# ### #........# You could see 5 wights and
an adder.

Vanquished Creatures
  Menkaure (D:5)
  An iguana (D:4)
  An adder (D:3)
  A dart slug (D:2)
  A worm (D:3)
  An orc (D:4)
  A bat (D:1)
  6 endoplasms
  A goblin (D:1)
  3 hobgoblins (D:1)
  2 kobolds
  2 quokkas (D:4)
  A ball python (D:3)
  3 rats
25 creatures vanquished.

Notes
Turn   | Place    | Note
-------+----------+-------------------------------------------
     0 | D:1      | Lycake the Minotaur Fighter began the quest for the Orb.
     0 | D:1      | Reached XP level 1. HP: 19/19 MP: 0/0
    93 | D:1      | Found Qaakimp's Assorted Antiques.
   929 | D:1      | Reached XP level 2. HP: 27/27 MP: 1/1
  1201 | D:2      | Found a glowing silver altar of Zin.
  1251 | D:3      | Reached XP level 3. HP: 27/33 MP: 2/2
  1299 | D:3      | Found a shimmering altar of Xom.
  1299 | D:3      | Found an ancient bone altar of Kikubaaqudgha.
  1398 | D:4      | Found a radiant altar of Vehumet.
  1407 | D:4      | HP: 1/33 [iguana (11)]
  3828 | D:5      | Entered Level 5 of the Dungeon
  3855 | D:5      | Noticed Menkaure
  3860 | D:5      | Killed Menkaure
  3861 | D:5      | Reached XP level 4. HP: 28/41 MP: 3/3
  3861 | D:5      | Reached XP level 5. HP: 33/47 MP: 4/4
  3938 | D:5      | Slain by a wight

Illustrated notes

Levels and vault maps discovered:
D:1:      spicycebolla_arrival_ecumenical, layout_loops_cross, serial_shops,
          shop, minmay_octomino_e4
D:2:      layout_loops_ring, basic_altar, minmay_rat_hole
D:3:      kennysheep_goblin_castle, layout_loops_cross,
          mainiacjoe_overflow_divided_tiny, uniq_ijyb, uniq_grinder,
          uniq_terence
D:4:      layout_basic, lemuel_coloured_pillars_altar, fiery_altar_vehumet,
          nrook_campfire
D:5:      wad_crossroads, layout_loops_corners, serial_shops,
          nicolae_shop_crystal, guppyfry_shop_venom, uniq_menkaure

Skill      XL: |  1  2  3 |
---------------+----------+-----
Fighting       | 4 |  4.4
Shields        | 4 |  4.6
Armour         | 4 |  4.9
Long Blades    | 4 |  4.1
Dodging        | |  0.7
Stealth        | |  0.4

Action                   |  1- 3 |  4- 6 || total
-------------------------+-------+-------++-------
Melee: Long sword        |    54 |     7 ||    61
       Headbutt          |     8 |       ||     8
  Use: Potion            |     1 |       ||     1
Armor: Scale mail        |    25 |     5 ||    30
Dodge: Dodged            |    20 |     7 ||    27
Block: Buckler           |     8 |     1 ||     9

Table legend: (Time is in decaauts)
 A = Elapsed time spent in this place.
 B = Non-inter-level travel time spent in this place.
 C = Inter-level travel time spent in this place.
 D = Time resting spent in this place.
 E = Time spent auto-exploring this place.
 F = Levels seen in this place.
 G = Mean time per level.
                   A        B        C        D        E       F      G
               +--------+--------+--------+--------+--------+-----+--------+
         Total |   3955 |   3955 |      0 |   3285 |      0 |   5 |  791.0 |
       Dungeon |   3955 |   3955 |      0 |   3285 |      0 |   5 |  791.0 |
               +--------+--------+--------+--------+--------+-----+--------+

Top non-repeatable levels by time:
     D:4: 2502 daAuts
     D:1: 1204 daAuts
     D:5: 112 daAuts
     D:3: 110 daAuts
     D:2: 26 daAuts
